 Dungeon Crawl Stone Soup version 0.25.0-1-g7eea58d2a3 (webtiles) character file.

Game seed: 17241334923990111779

2200 sking99 the Martial Artist (level 9, -4/54 (55) HPs)
             Began as a Kobold Transmuter on June 14, 2020.
             Was a Priest of Okawaru.
             Slain by a seven-headed hydra (12 damage)
             ... on level 7 of the Dungeon.
             The game lasted 00:27:08 (9614 turns).

sking99 the Martial Artist (Kobold Transmuter)      Turns: 9614, Time: 00:27:09

HP:   -4/54 (55)    AC:  2    Str:  7    XL:     9   Next: 60%
MP:   9/12          EV: 29    Int: 17    God:    Okawaru [***...]
Gold: 296           SH:  0    Dex: 27    Spells: 6/12 levels left

rFire    . . .     SeeInvis .     - Unarmed
rCold    + . .     Gourm    .   (shield currently unavailable)
rNeg     . . .     Faith    .   (armour currently unavailable)
rPois    x         Spirit   .   (helmet currently unavailable)
rElec    .         Reflect  .   (cloak currently unavailable)
rCorr    .         Harm     .   (gloves currently unavailable)
MR       .....                  (boots currently unavailable)
Stlth    ++........             u - amulet of regeneration
HPRegen  0.58/turn              b - +6 ring of dexterity
MPRegen  0.13/turn              q - ring of protection from cold

@: spider-form
A: tiny, carnivore
a: End Transformation, Heroism, Renounce Religion


You were on level 7 of the Dungeon.
You worshipped Okawaru.
Okawaru was most pleased with you.
You were completely stuffed.
You were a venomous arachnid creature.
You visited 1 branch of the dungeon, and saw 7 of its levels.

You collected 344 gold pieces.
You spent 48 gold pieces at shops.

Inventory:

Hand Weapons
 v - the +8 trident of the Pyrrhic Victory (melded) {drain, +Inv rC++}
   (You found it on level 5 of the Dungeon)

   A truly terrible weapon, it drains the life of those it strikes.
   It greatly protects you from cold.
   It lets you turn invisible.
Missiles
 a - 195 arrows
Armour
 m - a +1 pair of gloves (melded)
 n - a +2 robe of magic resistance (melded)
Jewellery
 b - a +6 ring of dexterity (left front leg)
 q - a ring of protection from cold (right front leg)
 u - an amulet of regeneration (around neck)
 z - an uncursed amulet of magic regeneration {unknown}
 F - an uncursed ring of see invisible {unknown}
Wands
 r - a wand of enslavement (14)
Scrolls
 c - 4 scrolls of remove curse
 f - 7 scrolls of teleportation
 j - 2 scrolls of immolation
 l - a scroll of blinking
 p - 3 scrolls of fog
 y - a scroll of identify
 C - a scroll of enchant armour
 D - a scroll of noise {unknown}
Potions
 e - 3 potions of stabbing
 g - a potion of curing
 h - 2 potions of might
 i - 2 potions of flight
 k - a potion of lignification
 o - a potion of cancellation {unknown}
 s - a potion of resistance {unknown}
 t - 2 potions of brilliance {unknown}
 w - a potion of magic {unknown}
 x - a potion of experience {unknown}
 A - a potion of ambrosia {unknown}
 B - a potion of mutation {unknown}
Comestibles
 d - 13 rations
 E - 5 chunks of flesh


   Skills:
 + Level 6.0 Fighting
 + Level 7.0 Dodging
 * Level 8.3 Unarmed Combat
 - Level 2.1 Spellcasting
 - Level 4.0 Transmutations
 - Level 2.0 Poison Magic
 - Level 3.0 Invocations


You had 6 spell levels left.
You knew the following spells:

 Your Spells              Type           Power        Failure   Level  Hunger
a - Beastly Appendage     Tmut           ###...       12%         1    #......
b - Sticks to Snakes      Tmut           ###.....     16%         2    ###....
c - Spider Form           Tmut/Pois      ##........   36%         3    ###....

Your spell library contained the following spells:

 Spells                   Type           Power        Failure   Level  Hunger
 Animate Skeleton         Necr           N/A          38%         1    #......
 Apportation              Tloc           #.....       38%         1    #......
 Corona                   Hex            #......      38%         1    #......
 Summon Small Mammal      Summ           #...         38%         1    #......
 Ice Form                 Ice/Tmut       #.......     82%         4    #####..
 Blade Hands              Tmut           ###.......   87%         5    ######.


Dungeon Overview and Level Annotations

Branches:
Dungeon (7/15)
 Temple: D:4-7

Altars:
Elyvilon
Nemelex Xobeh
Okawaru
Ru
Uskayaw
Vehumet
The Shining One

Shops:
D:4 !   D:5 :


Innate Abilities, Weirdness & Mutations

You are small and have problems with some larger weapons.
You are carnivorous and can eat meat at any time.


Message History

You bite the seven-headed hydra!
The seven-headed hydra looks as sick as possible!
The seven-headed hydra is moderately wounded.
The seven-headed hydra bites you.
The seven-headed hydra completely misses you. x2
The seven-headed hydra bites you. The seven-headed hydra misses you.
The seven-headed hydra bites you.
The seven-headed hydra completely misses you.
You hit the seven-headed hydra.
The seven-headed hydra is moderately wounded.
Unknown command.
You bite the seven-headed hydra!
The seven-headed hydra looks as sick as possible!
The seven-headed hydra is heavily wounded.
The seven-headed hydra misses you. x2
The seven-headed hydra completely misses you. x2
The seven-headed hydra bites you!!
* * * LOW HITPOINT WARNING * * *
The seven-headed hydra bites you!
You die...

##.#.##########.#####...##....
#.####..........# #.####....
##.##..##.#.#.### #.# #..#.
##.# #.###### #.# #.... #.#
##.#.#.# .# #..#. #.# ##.#.##
.# #..#. #.# ####.# .. ....#.
#.# #.## ###.... #.# #Ds#
..... ### .......## ......
######## ...#. #.##.


You could see a seven-headed hydra (extremely poisoned).

Vanquished Creatures
  Sigmund (D:2)
  A hungry ghost (D:4)
  A sky beast (D:5)
  A phantom (D:5)
  4 ogres
  An ice beast (D:5)
  A necrophage (D:6)
  3 centaurs
  A bullfrog (D:7)
  A scorpion (D:4)
  2 howler monkeys (D:5)
  2 crimson imps
  A jelly (D:6)
  An orc priest (D:3)
  A bullfrog zombie (D:5)
  2 hounds
  2 iguanas (D:5)
  3 orc wizards
  Natasha (D:3)
  A worker ant (D:5)
  Ijyb (D:3)
  Terence (D:3)
  A hound zombie (D:5)
  A worker ant zombie (D:6)
  5 gnolls
  9 adders
  An ooze (D:1)
  4 worms
  2 dart slugs
  17 orcs
  A ball python (D:1)
  5 giant cockroaches
  15 goblins
  11 hobgoblins
  9 jackals
  5 quokkas
  6 bats
  7 frilled lizards
  11 kobolds
  A leopard gecko skeleton (D:4)
  A quokka skeleton (D:4)
  5 rats
150 creatures vanquished.

Vanquished Creatures (collateral kills)
  An ogre (D:4)
  A jackal (D:2)
2 creatures vanquished.

Grand Total: 152 creatures vanquished

Notes
Turn   | Place    | Note
-------+----------+-------------------------------------------
     0 | D:1      | sking99 the Kobold Transmuter began the quest for the Orb.
     0 | D:1      | Reached XP level 1. HP: 12/12 MP: 3/3
   129 | D:1      | Reached XP level 2. HP: 8/16 MP: 5/5
   830 | D:1      | Learned a level 2 spell: Sticks to Snakes
   893 | D:1      | Reached XP level 3. HP: 20/20 MP: 4/6
   898 | D:1      | Learned a level 3 spell: Spider Form
  1809 | D:2      | Noticed Sigmund
  1963 | D:2      | Reached skill level 1 in Poison Magic
  2049 | D:2      | Reached XP level 4. HP: 8/25 MP: 5/7
  2769 | D:2      | Found an iron altar of Okawaru.
  3475 | D:2      | Killed Sigmund
  3475 | D:2      | Reached skill level 4 in Unarmed Combat
  3475 | D:2      | Reached XP level 5. HP: 8/31 MP: 4/8
  3475 | D:2      | Reached XP level 6. HP: 9/36 MP: 4/9
  4145 | D:2      | Found a sparkling altar of Nemelex Xobeh.
  4216 | D:2      | Became a worshipper of Warmaster Okawaru
  4798 | D:3      | Noticed Ijyb
  4814 | D:3      | Killed Ijyb
  5012 | D:3      | Noticed Terence
  5020 | D:3      | Killed Terence
  5020 | D:3      | Reached XP level 7. HP: 40/40 MP: 6/10
  5336 | D:3      | Reached skill level 1 in Invocations
  5545 | D:3      | Noticed Natasha
  5555 | D:3      | Killed Natasha
  6271 | D:4      | Reached skill level 5 in Unarmed Combat
  6274 | D:4      | Reached * piety under Okawaru
  6526 | D:4      | Found a sacrificial altar of Ru.
  6637 | D:4      | Reached XP level 8. HP: 41/47 MP: 7/11
  6750 | D:4      | Found Rufyug's Distillery.
  6766 | D:4      | Reached skill level 5 in Dodging
  6766 | D:4      | Reached skill level 6 in Unarmed Combat
  6776 | D:4      | Bought a potion of might for 48 gold pieces
  6935 | D:4      | Found a glowing golden altar of the Shining One.
  7035 | D:4      | Found a white marble altar of Elyvilon.
  7204 | D:5      | Entered Level 5 of the Dungeon
  7221 | D:5      | Reached ** piety under Okawaru
  7260 | D:5      | Got an iridescent trident
  7265 | D:5      | Found a radiant altar of Vehumet.
  7554 | D:5      | Reached skill level 5 in Fighting
  7554 | D:5      | Reached skill level 7 in Unarmed Combat
  7554 | D:5      | Reached XP level 9. HP: 46/54 MP: 8/12
  7574 | D:5      | Identified the +8 trident of the Pyrrhic Victory {drain,
                  | +Inv rC++} (You found it on level 5 of the Dungeon)
  7735 | D:5      | Found Mulob's Book Shop.
  8526 | D:6      | Reached skill level 8 in Unarmed Combat
  9084 | D:6      | Identified the +1 hand axe of Defiance {venom, Dex+2
                  | Stlth+}
  9445 | D:7      | Noticed a +0 hand axe
  9464 | D:7      | Noticed a -2 dagger
  9467 | D:7      | Found a hide-covered altar of Uskayaw.
  9534 | D:7      | Reached *** piety under Okawaru
  9608 | D:7      | Noticed a seven-headed hydra
  9614 | D:7      | Slain by a seven-headed hydra

Illustrated notes

Levels and vault maps discovered:
D:1:      psy_arrival_radial01, layout_basic
D:2:      layout_loops_cross, okawaru_altar_gauntlet_db,
          lemuel_coloured_pillars_altar, minmay_misc_feat_plants, uniq_sigmund
D:3:      kb_forest_paths, layout_basic, uniq_terence, uniq_ijyb, uniq_natasha
D:4:      layout_rooms, nicolae_ru_awakened_eye, elyvilon_altar_1,
          tso_metal_star, first_ration, minmay_shop_grid_forest,
          minmay_fractal_squares_5
D:5:      minmay_razor_zed, layout_loops_ring, lemuel_doored_altar,
          serial_shops, nicolae_shop_stone, serial_bayou_crossing
D:6:      layout_loops_corners, minmay_misc_feat_tower, corexii_checkpoint_b
D:7:      layout_loops_ring, dancing_weapons_uskayaw, xom_teletrap_fun,
          lemuel_round_altar, minmay_temple_entry_grid, minmay_small_thing

Skill      XL: |  1  2  3  4  5  6  7  8  9 |
---------------+----------------------------+-----
Poison Magic   | 1 2 |  2.0
Transmutations | 4 |  4.0
Fighting       | 2 3 5 6 |  6.0
Dodging        | 3 4 5 7 |  7.0
Unarmed Combat | 4 5 7 8 |  8.3
Invocations    | 2 3 |  3.0
Spellcasting   | |  2.1

Action                   |  1- 3 |  4- 6 |  7- 9 || total
-------------------------+-------+-------+-------++-------
Melee: Unarmed           |   116 |   206 |   325 ||   647
       Kick              |     6 |     8 |       ||    14
       Punch             |     2 |       |       ||     2
       Headbutt          |     4 |     5 |       ||     9
       Trident           |       |       |     1 ||     1
 Cast: Beastly Appendage |    14 |    10 |       ||    24
       Sticks to Snakes  |       |     4 |     2 ||     6
       Spider Form       |       |    10 |    51 ||    61
Invok: Heroism           |       |       |     1 ||     1
  Use: Scroll            |       |     1 |    11 ||    12
       Potion            |       |     1 |       ||     1
 Stab: Distracted        |       |     1 |       ||     1
       Sleeping          |       |     1 |     2 ||     3
  Eat: Chunk             |    12 |    11 |    28 ||    51
Armor: Robe              |    21 |    33 |     3 ||    57
       Skin              |       |     1 |     7 ||     8
Dodge: Dodged            |    87 |   189 |   253 ||   529
